 Dungeon Crawl Stone Soup version 0.23.2-11-gf996548c65 (webtiles) character file.

Game seed: 11720014690557725209

23 Gazerockf the Sneak (level 2, -2/42 HPs)
             Began as a Naga Berserker on June 4, 2019.
             Was a Follower of Trog.
             Slain by a kobold (3 damage)
             ... on level 1 of the Dungeon.
             The game lasted 00:01:05 (739 turns).

Gazerockf the Sneak (Naga Berserker)                 Turns: 739, Time: 00:01:06

Health: -2/42      AC:  1    Str: 24    XL:     2   Next: 95%
Magic:  2/2        EV: 10    Int: 12    God:    Trog [*.....]
Gold:   60         SH:  0    Dex: 10    Spells: 1/1 levels left

rFire    . . .     SeeInvis +   a - +0 spear
rCold    . . .     Gourm    .   (no shield)
rNeg     . . .     Faith    .   b - +0 animal skin
rPois    +         Spirit   .   (no helmet)
rElec    .         Reflect  .   (no cloak)
rCorr    +         Harm     .   (no gloves)
MR       .....                  (no barding)
Stlth    ..........             (no amulet)
HPRegen  0.14/turn              g - ring of resist corrosion
MPRegen  0.08/turn              (no ring)

@: brilliant, berserking, quick
A: large, see invisible, deformed body, poison resistance, slowness 2, slow
metabolism 1, spit poison 1, AC +0
a: Spit Poison, Berserk, Renounce Religion


You were on level 1 of the Dungeon.
You worshipped Trog.
Trog was aware of your devotion.
You were not hungry.

You visited 1 branch of the dungeon, and saw 1 of its levels.

You collected 60 gold pieces.

Inventory:

Hand Weapons
 a - a +0 spear (weapon)
Armour
 b - a +0 animal skin (worn)
Jewellery
 g - a ring of resist corrosion (left hand)
 h - an uncursed amulet of magic regeneration {unknown}
Scrolls
 e - a scroll of enchant weapon {unknown}
 j - a scroll of teleportation {unknown}
 k - a scroll of identify {unknown}
Potions
 i - a potion of agility {unknown}
Comestibles
 c - 2 rations


   Skills:
 - Level 3.0 Fighting
 - Level 3.0 Polearms
 - Level 1.5 Armour
 - Level 1.5 Dodging
 + Level 4.1 Stealth


You had one spell level left.
You didn't know any spells.
Your spell library was empty.

Dungeon Overview and Level Annotations

Branches:
Dungeon (1/15)

Altars:


Innate Abilities, Weirdness & Mutations

You cannot wear boots.
Your serpentine skin is tough. (AC +0)
You have supernaturally acute eyesight. (SInv)
Armour fits poorly on your strangely shaped body.
Your system is resistant to poisons. (rPois)
You cover ground very slowly.
You have a slow metabolism.
You can spit poison.


Message History

* * * LOW HITPOINT WARNING * * *
A rat comes into view.
The kobold hits you.
* * * LOW HITPOINT WARNING * * *
Things that are here:
a +0 club; a hobgoblin corpse A jackal comes into view.
A jackal comes into view.
The kobold completely misses you.
You see here 6 gold pieces.
The kobold hits you.
* * * LOW HITPOINT WARNING * * *
It was a potion of brilliance.
You feel clever all of a sudden. The kobold hits you.
* * * LOW HITPOINT WARNING * * *
A red film seems to cover your vision as you go berserk!
You feel yourself moving faster!
You feel mighty!
You feel a lot more hungry. The kobold hits you.
You die...

#..#.........<.
##..#.#........
##..##........
#...#........
#...##.......
###...#≈#......
#.....#≈≈#.....
#####.....#########
#$@............## #
#K###...........###
#hh..............#.
#h.#########...#...
#r.# #P...P..###.#
#.....P♣PP.P♣P^####
#.##..P♣.♣.♣♣.PP...
... ♣P♣♣ ♣♣ ...####
#### .♣ .... .


You could see 2 jackals, a kobold and a rat.

Vanquished Creatures
  2 dart slugs (D:1)
  A leopard gecko (D:1)
  3 bats (D:1)
  2 goblins (D:1)
  5 hobgoblins (D:1)
  A kobold (D:1)
  2 frilled lizards (D:1)
16 creatures vanquished.

Notes
Turn   | Place    | Note
-------+----------+-------------------------------------------
     0 | D:1      | Gazerockf the Naga Berserker began the quest for the Orb.
     0 | D:1      | Reached XP level 1. HP: 21/21 MP: 1/1
    88 | D:1      | Reached skill level 1 in Stealth
   117 | D:1      | Reached skill level 2 in Stealth
   130 | D:1      | Reached XP level 2. HP: 3/28 MP: 2/2
   407 | D:1      | Reached skill level 3 in Stealth
   729 | D:1      | Reached skill level 4 in Stealth
   738 | D:1      | HP: 1/28 [kobold (3)]
   739 | D:1      | Slain by a kobold

Skill      XL: |  1  2 |
---------------+-------+-----
Stealth        | 2 4 |  4.1
Fighting       | |  3.0
Polearms       | |  3.0
Armour         | |  1.5
Dodging        | |  1.5

Action                   || total
-------------------------++-------
Melee: Spear             ||    56
Invok: Berserk           ||     1
  Use: Potion            ||     1
 Stab: Sleeping          ||     3
Armor: Animal skin       ||     5
Dodge: Dodged            ||    16
